 Dungeon Crawl Stone Soup version 0.31-a0-150-g89dc3ad700 (webtiles) character file.

Game seed: 6779133588610657428

42099 qw the Marksminotaur (level 13, 0/123 HPs)
             Began as a Minotaur Hunter on June 7, 2023.
             Was an Elder of Okawaru.
             Slain by a small abomination (4 damage)
             ... while petrified by a basilisk
             ... on level 5 of the Lair of Beasts on June 8, 2023.
             The game lasted 00:09:13 (13618 turns).

qw the Marksminotaur (Minotaur Hunter)             Turns: 13618, Time: 00:09:13

Health: 0/123      AC: 12    Str: 12    XL:     13   Next: 83%
Magic:  16/19      EV:  2    Int:  6    God:    Okawaru [****..]
Gold:   520        SH:  0    Dex: 29    Spells: 12/12 levels left

rFire   + . .        Y - +2 orcbow (freeze)
rCold   + . .        (shield currently unavailable)
rNeg    + + +        n - +1 robe {rC+ rF+}
rPois   inf          r - +1 hat of the Fiend {rElec rN+ Str-3 Slay+5}
rElec   +            o - +1 cloak
rCorr   .            d - +2 pair of gloves
SInv    .            q - +1 pair of boots of the Quahog {Dex+3}
Will    .....        l - amulet of reflection
Stlth   ++           f - +6 ring of dexterity
HPRegen 0.00/turn    g - ring of poison resistance
MPRegen 0.16/turn

%: reflection, clarity
@: mighty, agile, petrified, sick
A: horns 2, retaliatory headbutt, clarity, mutation resistance 1, teleportitis
1, wild magic 2
a: Renounce Religion, Heroism, Finesse


You were on level 5 of the Lair of Beasts.
You worshipped Okawaru.
Okawaru was greatly pleased with you.
You visited 3 branches of the dungeon, and saw 14 of its levels.

You collected 868 gold pieces.
You spent 348 gold pieces at shops.


Innate Abilities, Weirdness & Mutations

You have a pair of horns on your head.
You reflexively headbutt those who attack you in melee.
You possess an exceptional clarity of mind.
You are somewhat resistant to further mutation.
You are occasionally teleported next to monsters.
Your spells are harder to cast, but more powerful.


   Skills:
 + Level 13.9 Fighting
 - Level 16.0 Ranged Weapons
 - Level 6.0 Armour
 - Level 13.0 Dodging
 - Level 0.7 Stealth
 - Level 10.0 Invocations


You had 12 spell levels left.
You didn't know any spells.
Your spell library was empty.

Inventory:

Hand Weapons
 Y - a +2 orcbow of freezing (weapon)
Armour
 d - a +2 pair of gloves (worn)
 n - a +1 robe of resistance (worn)
 o - a +1 cloak (worn)
 q - the +1 pair of boots of the Quahog (worn) {Dex+3}
   (You bought it in a shop on level 5 of the Dungeon)

   Dex:       It affects your dexterity (+3).
 r - the +1 hat of the Fiend (worn) {rElec rN+ Str-3 Slay+5}
   (Okawaru gifted it to you on level 3 of the Lair of Beasts)

   Str:       It affects your strength (-3).
   Slay:      It affects your accuracy & damage with ranged weapons and melee
   (+5).
   rElec:     It insulates you from electricity.
   rN:        It protects you from negative energy.
 t - a +3 leather armour
Jewellery
 f - a +6 ring of dexterity (left hand)
 g - a ring of poison resistance (right hand)
 h - a ring of protection from cold
 l - an amulet of reflection (around neck)
Scrolls
 a - 2 scrolls of teleportation
 m - a scroll of identify
Potions
 b - 4 potions of haste
 e - 6 potions of curing
 i - a potion of might
 j - a potion of magic
 p - a potion of resistance {unknown}
 s - a potion of heal wounds

Dungeon Overview and Level Annotations

Branches:
Dungeon (8/15)             Temple (1/1) D:7            Lair (5/5) D:8
  Swamp (0/4) Lair:3        Snake (0/4) Lair:3        Slime (0/5) Lair:4

Altars:
Cheibriados
Dithmenos
Elyvilon
Fedhas
Gozag
Hepliaklqana
Kikubaaqudgha
Makhleb
Okawaru
Qazlal
Sif Muna
Trog
Uskayaw
Vehumet
Wu Jian
Xom
Yredelemnul
Zin
The Shining One

Shops:
D:5 [

Annotations:
D:3 3 runed translucent doors, qw's ghost, amateur GrFi; qw's ghost, weakling MiHu
D:6 1 runed translucent door, qw's ghost, novice GrFi


Message History

The ancient zyme hits you but does no damage.
You feel ill.
You have turned to stone.
The basilisk bites you! The smoke demon hits you.
The smoke demon hits you but does no damage. x2
The ancient zyme hits you!
The ancient zyme hits you but does no damage.
The small abomination hits you! The basilisk gazes at you.
The small abomination barely misses you.
The smoke demon gestures at you. The ball of steam hits you. You resist.
The ancient zyme hits you.
The ancient zyme hits you but does no damage.
The blink frog blinks!
The small abomination hits you! The basilisk gazes at you.
You easily resist.
The smoke demon hits you but does no damage. x3
The ancient zyme hits you but does no damage. x2
The small abomination hits you but does no damage.
The basilisk bites you but does no damage.
The smoke demon hits you but does no damage. x3
The ancient zyme hits you.
The ancient zyme hits you but does no damage.
The small abomination hits you! The basilisk gazes at you.
You easily resist.
The ancient zyme hits you but does no damage.
The ancient zyme hits you.
The smoke demon hits you but does no damage.
The smoke demon hits you.
The smoke demon hits you but does no damage.
The small abomination hits you!
The blink frog blinks!
The basilisk is engulfed in a cloud of scalding steam.
The basilisk dies!
The small abomination hits you but does no damage.
The smoke demon hits you but does no damage. x3
The ancient zyme hits you.
The ancient zyme hits you but does no damage.
The blink frog blinks!
The small abomination hits you!
You die... 7

.77 7 ..7
7.77 777..7
.....77...7
7....xx.7


73@7 77%.7 F.... .....ยค7 77..7777 7777 You could see an ancient zyme, a smoke
demon, a blink frog and a small abomination.

Vanquished Creatures
  Josephine (Lair:3)
  4 hydras
  A two-headed ogre (D:8)
  7 death yaks
  Nergalle (Lair:2)
  Amaemon (Lair:3)
  Pikel (D:6)
  4 oklob plants (Lair:4)
  A will-o-the-wisp (Lair:3)
  20 elephants
  3 black mambas
  6 cane toads
  An orange demon (Lair:3)
  5 rime drakes
  An unseen horror (D:8)
  6 komodo dragons
  A hornet (D:8)
  2 polar bears
  17 blink frogs
  6 spriggans (Lair:2)
  4 wraiths (Lair:3)
  6 wyverns
  24 yaks
  2 steam dragons
  A chaos spawn (Lair:5)
  4 basilisks
  3 wargs (D:8)
  A naga (Lair:3)
  3 orc warriors
  13 water moccasins
  8 black bears
  2 ogres (D:5)
  2 sky beasts (D:6)
  15 wolves
  2 centaurs
  A lemure (D:6)
  A kobold brigand (D:8)
  4 small abominations (Lair:5)
  16 bullfrogs
  3 scorpions
  10 wights (D:8)
  2 howler monkeys (D:8)
  A hound (D:6)
  A jelly (D:8)
  8 orc priests
  2 gnoll boudas
  A sleepcap (D:5)
  Jessica (D:3)
  Terence (D:2)
  4 iguanas
  Natasha (thrice) (D:4)
  2 orc wizards (D:6)
  18 gnolls
  6 adders
  A shadow imp (D:7)
  A white imp (D:8)
  An ufetubus (D:6)
  A dart slug (D:3)
  16 orcs
  5 bats (Lair:3)
  9 endoplasms
  5 giant cockroaches
  8 goblins
  2 hobgoblins
  A jackal (D:3)
  A quokka (D:5)
  3 ball pythons
  4 frilled lizards
  7 kobolds
  2 rats (D:1)
331 creatures vanquished.

Vanquished Creatures (others)
  A basilisk (Lair:5)
  A butterfly (D:4)
  2 foxfires (Lair:3)
4 creatures vanquished.

Grand Total: 335 creatures vanquished

Notes
Turn   | Place    | Note
-------+----------+-------------------------------------------
     0 | D:1      | qw the Minotaur Hunter began the quest for the Orb.
     0 | D:1      | Reached XP level 1. HP: 18/18 MP: 0/0
     0 | D:1      | 0 ||| qw: Version: 0.2-a-117-gc6b5c8b
     0 | D:1      | 0 ||| qw: Game counter: 2697
     0 | D:1      | 0 ||| qw: Always use a shield: true
     0 | D:1      | 0 ||| qw: God list: Okawaru
     0 | D:1      | 0 ||| qw: Allow faded altars: false
     0 | D:1      | 0 ||| qw: Do Orc after D:15 true
     0 | D:1      | 0 ||| qw: Do second Lair branch before Depths: true
     0 | D:1      | 0 ||| qw: Lair rune preference: random
     0 | D:1      | 0 ||| qw: Plans: Normal
     0 | D:1      | 0 ||| PLANNING D:1-11
   265 | D:1      | Reached XP level 2. HP: 25/25 MP: 1/1
   620 | D:1      | 620 ||| UPGRADING to +2 pair of gloves.
   625 | D:1      | 625 ||| READING scroll labelled MONOPLI CUSOLO.
   626 | D:1      | 626 ||| READING scroll labelled ATEOKL KENAIDEE.
   627 | D:1      | 627 ||| READING scroll labelled CIL QEPAEQ.
   628 | D:1      | 628 ||| DROPPING scroll of butterflies.
   668 | D:2      | Reached skill level 5 in Ranged Weapons
   925 | D:2      | Noticed Terence
   929 | D:2      | Killed Terence
   930 | D:2      | Reached skill level 3 in Fighting
   930 | D:2      | Reached XP level 3. HP: 33/33 MP: 2/2
  1201 | D:2      | 1201 ||| UPGRADING to +0 ring mail.
  1211 | D:2      | 1211 ||| DROPPING +0 leather armour.
  1212 | D:2      | 1212 ||| UPGRADING to +6 ring of dexterity.
  1213 | D:2      | 1213 ||| READING 2 scrolls labelled HOANUO YSOTO.
  1216 | D:2      | 1216 ||| READING scroll labelled VYEHAOR FEA.
  1217 | D:2      | 1217 ||| DRINKING 3 fuming yellow potions.
  1250 | D:2      | 1250 ||| DROPPING 2 potions of lignification.
  1429 | D:3      | Found a runed translucent gate.
  1429 | D:3      | Found a runed translucent gate.
  1429 | D:3      | Found a runed translucent gate.
  1430 | D:3      | Noticed qw's ghost (amateur GrFi)
  1431 | D:3      | Noticed qw's ghost (amateur GrFi)
  1431 | D:3      | Noticed qw's ghost (weakling MiHu)
  1485 | D:3      | Reached skill level 1 in Armour
  1562 | D:3      | Noticed Jessica
  1565 | D:3      | Killed Jessica
  1566 | D:3      | Reached XP level 4. HP: 29/40 MP: 3/3
  1660 | D:3      | 1660 ||| Stepping ~*~*~tactically~*~*~ (outnumbered).
  1662 | D:3      | 1662 ||| Stepping ~*~*~tactically~*~*~ (outnumbered).
  1673 | D:3      | 1673 ||| FLEEEEING.
  1674 | D:3      | 1674 ||| FLEEEEING.
  1675 | D:3      | 1675 ||| FLEEEEING.
  1676 | D:3      | 1676 ||| FLEEEEING.
  1677 | D:3      | 1677 ||| FLEEEEING.
  1678 | D:3      | 1678 ||| FLEEEEING.
  1679 | D:3      | 1679 ||| FLEEEEING.
  1680 | D:3      | 1680 ||| FLEEEEING.
  1681 | D:3      | 1681 ||| FLEEEEING.
  1682 | D:3      | 1682 ||| FLEEEEING.
  1683 | D:3      | 1683 ||| FLEEEEING.
  1684 | D:3      | 1684 ||| FLEEEEING.
  1685 | D:3      | 1685 ||| FLEEEEING.
  1686 | D:3      | 1686 ||| FLEEEEING.
  1687 | D:3      | 1687 ||| FLEEEEING.
  1688 | D:3      | 1688 ||| FLEEEEING.
  1689 | D:3      | 1689 ||| FLEEEEING.
  1690 | D:3      | 1690 ||| FLEEEEING.
  1691 | D:3      | 1691 ||| FLEEEEING.
  1692 | D:3      | 1692 ||| FLEEEEING.
  1693 | D:3      | 1693 ||| FLEEEEING.
  1694 | D:3      | 1694 ||| FLEEEEING.
  1695 | D:3      | 1695 ||| FLEEEEING.
  1696 | D:3      | 1696 ||| FLEEEEING.
  1697 | D:3      | 1697 ||| FLEEEEING.
  1698 | D:3      | 1698 ||| FLEEEEING.
  1704 | D:3      | Reached skill level 6 in Ranged Weapons
  1896 | D:3      | 1896 ||| Stepping ~*~*~tactically~*~*~ (outnumbered).
  2313 | D:3      | 2313 ||| READING scroll labelled TOBOSI SIOHO.
  2314 | D:3      | 2314 ||| DRINKING 2 silvery potions.
  2353 | D:4      | Reached XP level 5. HP: 46/46 MP: 4/4
  2438 | D:4      | Found a white marble altar of Elyvilon.
  2481 | D:4      | Noticed Natasha
  2488 | D:4      | Killed Natasha
  2504 | D:4      | Reached skill level 7 in Ranged Weapons
  2637 | D:4      | Reached XP level 6. HP: 43/52 MP: 5/5
  2665 | D:4      | Noticed Natasha
  2669 | D:4      | Killed Natasha
  2670 | D:4      | Reached skill level 3 in Dodging
  2743 | D:4      | Noticed Natasha
  2752 | D:4      | Killed Natasha
  2877 | D:4      | 2877 ||| READING 3 scrolls labelled ISANEWNESM.
  2878 | D:4      | 2878 ||| READING scroll labelled EDGHIC XEZOY.
  2879 | D:4      | 2879 ||| DRINKING 3 puce potions.
  2880 | D:4      | 2880 ||| DROPPING 2 scrolls of summoning.
  2904 | D:5      | Entered Level 5 of the Dungeon
  2908 | D:5      | 2908 ||| STAIRDANCE
  2995 | D:5      | 2995 ||| STAIRDANCE
  3001 | D:4      | Reached skill level 8 in Ranged Weapons
  3068 | D:5      | 3068 ||| STAIRDANCE
  3102 | D:5      | 3102 ||| STAIRDANCE
  3162 | D:5      | 3162 ||| Stepping ~*~*~tactically~*~*~ (outnumbered).
  3226 | D:5      | Reached XP level 7. HP: 61/61 MP: 6/6
  3425 | D:5      | Found Inofid's Armour Emporium.
  3438 | D:5      | 3438 ||| BUYING +0 cloak (49 gold).
  3438 | D:5      | Bought a +0 cloak for 49 gold pieces
  3438 | D:5      | 3438 ||| BUYING +0 pair of boots (49 gold).
  3438 | D:5      | Bought a +0 pair of boots for 49 gold pieces
  3438 | D:5      | 3438 ||| BUYING +1 pair of boots of the Quahog {Dex+3} (250
                  | gold).
  3438 | D:5      | Bought the +1 pair of boots of the Quahog {Dex+3} for 250
                  | gold pieces
  3732 | D:5      | Reached skill level 9 in Ranged Weapons
  3905 | D:5      | Found a burning altar of Makhleb.
  3935 | D:5      | 3935 ||| UPGRADING to +0 cloak.
  3940 | D:5      | 3940 ||| UPGRADING to +0 pair of boots.
  3945 | D:5      | 3945 ||| UPGRADING to +1 pair of boots of the Quahog
                  | {Dex+3}.
  3955 | D:5      | 3955 ||| DROPPING +0 pair of boots.
  3956 | D:5      | 3956 ||| READING scroll of enchant armour.
  3956 | D:5      | 3956 ||| ENCHANTING +0 cloak.
  3957 | D:5      | 3957 ||| DROPPING amulet of magic regeneration.
  3958 | D:5      | 3958 ||| DROPPING ring of ice.
  3959 | D:5      | 3959 ||| UPGRADING to ring of protection from cold.
  3960 | D:5      | 3960 ||| READING scroll labelled DOUSUR RIUGIOT.
  3961 | D:5      | 3961 ||| DRINKING 2 glowing inky potions.
  3961 | D:5      | Gained mutation: You are occasionally teleported next to
                  | monsters. [potion of mutation]
  3961 | D:5      | Gained mutation: Your spells are a little harder to cast,
                  | but a little more powerful. [potion of mutation]
  3961 | D:5      | Gained mutation: You have large cloven feet. [potion of
                  | mutation]
  3961 | D:5      | Gained mutation: You possess an exceptional clarity of
                  | mind. [potion of mutation]
  3962 | D:5      | 3962 ||| DRINKING potion of mutation.
  3962 | D:5      | Lost mutation: You possess an exceptional clarity of mind.
                  | [potion of mutation]
  3962 | D:5      | Lost mutation: You have large cloven feet. [potion of
                  | mutation]
  3962 | D:5      | Gained mutation: Your spells are harder to cast, but more
                  | powerful. [potion of mutation]
  3962 | D:5      | Gained mutation: You possess an exceptional clarity of
                  | mind. [potion of mutation]
  3962 | D:5      | Gained mutation: You are somewhat resistant to further
                  | mutation. [potion of mutation]
  3963 | D:5      | 3963 ||| READING 2 scrolls of identify.
  3963 | D:5      | 3963 ||| IDENTIFYING smoky pink potion
  3964 | D:5      | 3964 ||| DROPPING potion of ambrosia.
  4018 | D:6      | Noticed Pikel
  4031 | D:6      | Killed Pikel
  4032 | D:6      | Reached skill level 6 in Dodging
  4032 | D:6      | Reached XP level 8. HP: 63/68 MP: 7/7
  4070 | D:6      | Found a runed translucent door.
  4073 | D:6      | Noticed qw's ghost (novice GrFi)
  4078 | D:6      | Found a hazy altar of Hepliaklqana.
  4084 | D:6      | Reached skill level 3 in Armour
  4240 | D:6      | Reached skill level 6 in Fighting
  4408 | D:6      | Found a blossoming altar of Fedhas.
  4530 | D:6      | 4530 ||| FLEEEEING.
  4531 | D:6      | 4531 ||| FLEEEEING.
  4549 | D:6      | Reached skill level 10 in Ranged Weapons
  4661 | D:6      | Found an ornate altar of the Wu Jian Council.
  4846 | D:6      | 4846 ||| UPGRADING to ring of poison resistance.
  4848 | D:6      | 4848 ||| DRINKING 2 viscous golden potions.
  4849 | D:6      | 4849 ||| READING 2 scrolls of identify.
  4849 | D:6      | 4849 ||| IDENTIFYING black potion
  4850 | D:6      | 4850 ||| DROPPING potion of enlightenment.
  4851 | D:6      | 4851 ||| DROPPING potion of degeneration.
  4866 | D:7      | 4866 ||| STAIRDANCE
  4892 | D:6      | Reached XP level 9. HP: 39/78 MP: 8/8
  5037 | D:7      | 5037 ||| STAIRDANCE
  5237 | D:7      | 5237 ||| Stepping ~*~*~tactically~*~*~ (outnumbered).
  5255 | D:7      | Reached skill level 11 in Ranged Weapons
  5430 | D:7      | Found a staircase to the Ecumenical Temple.
  5431 | D:7      | 5431 ||| PLANNING TEMPLE
  5431 | D:7      | 5431 ||| SWAPPING to +0 orcbow.
  5432 | D:7      | 5432 ||| DROPPING +0 shortbow.
  5433 | D:7      | 5433 ||| UPGRADING to +0 steam dragon scales.
  5443 | D:7      | 5443 ||| DROPPING +0 ring mail.
  5444 | D:7      | 5444 ||| READING 2 scrolls of identify.
  5444 | D:7      | 5444 ||| IDENTIFYING fuming blue potion
  5451 | Temple   | Entered the Ecumenical Temple
  5475 | Temple   | 5475 ||| PLANNING OKAWARU WORSHIP
  5587 | Temple   | Became a worshipper of Warmaster Okawaru
  5587 | Temple   | 5587 ||| PLANNING D:1-11
  5694 | D:7      | Found a bloodstained altar of Trog.
  5722 | D:7      | Found a hide-covered altar of Uskayaw.
  5908 | D:7      | Found a basalt altar of Yredelemnul.
  5910 | D:7      | Found a radiant altar of Vehumet.
  5912 | D:7      | Found a snail-covered altar of Cheibriados.
  6069 | D:7      | 6069 ||| DRINKING 2 metallic brown potions.
  6070 | D:7      | 6070 ||| READING 2 scrolls of identify.
  6070 | D:7      | 6070 ||| IDENTIFYING blue potion
  6071 | D:7      | 6071 ||| DROPPING potion of brilliance.
  6132 | D:8      | Killed an unseen horror
  6513 | D:8      | 6513 ||| FLEEEEING.
  6514 | D:8      | 6514 ||| FLEEEEING.
  6521 | D:8      | 6521 ||| FLEEEEING.
  6525 | D:8      | 6525 ||| STAIRDANCE
  6552 | D:7      | 6552 ||| UPGRADING to amulet of reflection.
  6557 | D:7      | 6557 ||| READING scroll labelled XEICVU BOENETY.
  6581 | D:8      | 6581 ||| Stepping ~*~*~tactically~*~*~ (outnumbered).
  6583 | D:8      | 6583 ||| Stepping ~*~*~tactically~*~*~ (outnumbered).
  6585 | D:8      | 6585 ||| Stepping ~*~*~tactically~*~*~ (outnumbered).
  6587 | D:8      | 6587 ||| Stepping ~*~*~tactically~*~*~ (outnumbered).
  6603 | D:8      | Found a flagged portal.
  6700 | D:8      | Reached * piety under Okawaru
  6739 | D:8      | Reached skill level 12 in Ranged Weapons
  6825 | D:8      | 6825 ||| INVOKING Heroism.
  6841 | D:8      | 6841 ||| INVOKING Heroism.
  6855 | D:8      | 6855 ||| INVOKING Heroism.
  6891 | D:8      | Found a staircase to the Lair.
  6979 | D:8      | 6979 ||| INVOKING Heroism.
  6981 | D:8      | Reached XP level 10. HP: 88/88 MP: 6/9
  7147 | D:8      | Reached skill level 1 in Invocations
  7168 | D:8      | 7168 ||| Stepping ~*~*~tactically~*~*~ (outnumbered).
  7206 | D:8      | 7206 ||| INVOKING Heroism.
  7207 | D:8      | 7207 ||| INVOKING Heroism.
  7249 | D:8      | 7249 ||| INVOKING Heroism.
  7251 | D:8      | Reached skill level 3 in Invocations
  7252 | D:8      | Noticed a two-headed ogre
  7278 | D:8      | 7278 ||| INVOKING Heroism.
  7279 | D:8      | Killed a two-headed ogre
  7305 | D:8      | 7305 ||| FLEEEEING.
  7306 | D:8      | 7306 ||| FLEEEEING.
  7307 | D:8      | 7307 ||| FLEEEEING.
  7308 | D:8      | 7308 ||| FLEEEEING.
  7309 | D:8      | 7309 ||| FLEEEEING.
  7310 | D:8      | 7310 ||| FLEEEEING.
  7311 | D:8      | 7311 ||| FLEEEEING.
  7312 | D:8      | 7312 ||| FLEEEEING.
  7313 | D:8      | 7313 ||| FLEEEEING.
  7327 | D:8      | 7327 ||| FLEEEEING.
  7328 | D:8      | 7328 ||| FLEEEEING.
  7332 | D:8      | 7332 ||| FLEEEEING.
  7333 | D:8      | 7333 ||| FLEEEEING.
  7336 | D:8      | 7336 ||| FLEEEEING.
  7337 | D:8      | 7337 ||| FLEEEEING.
  7338 | D:8      | 7338 ||| FLEEEEING.
  7339 | D:8      | 7339 ||| FLEEEEING.
  7340 | D:8      | 7340 ||| FLEEEEING.
  7341 | D:8      | 7341 ||| FLEEEEING.
  7342 | D:8      | 7342 ||| FLEEEEING.
  7344 | D:8      | 7344 ||| STAIRDANCE
  7455 | D:8      | 7455 ||| INVOKING Heroism.
  7513 | D:8      | Identified the staff of cold "Huefayka" {Fly rC+ rN+ Int+2}
  7588 | D:8      | 7588 ||| PLANNING LAIR
  7652 | Lair:1   | Entered Level 1 of the Lair of Beasts
  7657 | Lair:1   | Reached skill level 13 in Ranged Weapons
  7679 | Lair:1   | 7679 ||| INVOKING Heroism.
  7680 | Lair:1   | HP: 21/88 [yak (3)]
  7681 | Lair:1   | 7681 ||| READING 3 scrolls of teleportation.
  7682 | Lair:1   | 7682 ||| DRINKING potion of heal wounds.
  7698 | Lair:1   | Reached skill level 9 in Fighting
  7713 | Lair:1   | 7713 ||| INVOKING Heroism.
  7758 | Lair:1   | Noticed a cane toad
  7759 | Lair:1   | 7759 ||| INVOKING Heroism.
  7763 | Lair:1   | Killed a cane toad
  7830 | Lair:1   | Noticed a cane toad
  7831 | Lair:1   | 7831 ||| INVOKING Heroism.
  7833 | Lair:1   | Reached ** piety under Okawaru
  7834 | Lair:1   | Reached skill level 9 in Dodging
  7841 | Lair:1   | Killed a cane toad
  7922 | Lair:1   | Noticed a black mamba
  7923 | Lair:1   | 7923 ||| INVOKING Heroism.
  7937 | Lair:1   | Killed a black mamba
  7938 | Lair:1   | Reached XP level 11. HP: 86/97 MP: 11/13
  7988 | Lair:1   | Identified the +4 great mace of Hell's Wrath {flame, rN+}
  8017 | Lair:1   | 8017 ||| INVOKING Heroism.
  8193 | Lair:1   | 8193 ||| INVOKING Heroism.
  8200 | Lair:1   | Reached skill level 14 in Ranged Weapons
  8321 | Lair:1   | 8321 ||| INVOKING Heroism.
  8341 | Lair:1   | Reached *** piety under Okawaru
  8747 | Lair:1   | 8747 ||| READING scroll labelled ECLEUB XARHUE.
  8748 | Lair:1   | 8748 ||| READING scroll labelled DUQATEKKUI.
  8765 | Lair:2   | 8765 ||| INVOKING Heroism.
  8788 | Lair:2   | 8788 ||| INVOKING Heroism.
  8802 | Lair:2   | 8802 ||| INVOKING Heroism.
  8823 | Lair:2   | 8823 ||| INVOKING Heroism.
  8881 | Lair:2   | 8881 ||| INVOKING Heroism.
  9076 | Lair:2   | Noticed a seven-headed hydra
  9077 | Lair:2   | 9077 ||| INVOKING Heroism.
  9082 | Lair:2   | Killed a seven-headed hydra
  9083 | Lair:2   | Reached skill level 15 in Ranged Weapons
  9149 | Lair:2   | Noticed Nergalle
  9150 | Lair:2   | 9150 ||| INVOKING Heroism.
  9166 | Lair:2   | Killed Nergalle
  9321 | Lair:2   | 9321 ||| INVOKING Heroism.
  9384 | Lair:2   | 9384 ||| INVOKING Heroism.
  9444 | Lair:2   | 9444 ||| INVOKING Heroism.
  9460 | Lair:2   | Reached XP level 12. HP: 106/106 MP: 12/14
  9471 | Lair:2   | Noticed a death yak
  9473 | Lair:2   | Reached skill level 16 in Ranged Weapons
  9475 | Lair:2   | Noticed a death yak
  9479 | Lair:2   | Noticed a death yak
  9482 | Lair:2   | Noticed a death yak
  9483 | Lair:2   | Killed a death yak
  9483 | Lair:2   | Reached **** piety under Okawaru
  9487 | Lair:2   | 9487 ||| INVOKING Heroism.
  9489 | Lair:2   | Killed a death yak
  9498 | Lair:2   | Killed a death yak
  9506 | Lair:2   | 9506 ||| INVOKING Heroism.
  9508 | Lair:2   | Killed a death yak
  9688 | Lair:2   | Reached skill level 6 in Armour
  9975 | Lair:2   | 9975 ||| READING scroll of brand weapon.
  9975 | Lair:2   | 9975 ||| BRANDING +0 orcbow of freezing.
 10207 | Lair:2   | 10207 ||| UPGRADING to +1 robe of resistance.
 10217 | Lair:2   | 10217 ||| READING 2 scrolls of identify.
 10217 | Lair:2   | 10217 ||| IDENTIFYING emerald potion
 10218 | Lair:2   | 10218 ||| DROPPING potion of attraction.
 10261 | Lair:3   | Noticed Amaemon
 10262 | Lair:3   | 10262 ||| INVOKING Heroism.
 10271 | Lair:3   | Killed Amaemon
 10272 | Lair:3   | Reached skill level 6 in Invocations
 10318 | Lair:3   | 10318 ||| READING scroll of brand weapon.
 10318 | Lair:3   | 10318 ||| BRANDING +0 heavy orcbow.
 10323 | Lair:3   | You fall into a shaft and drop 1 floor!
 10418 | Lair:4   | Noticed an eight-headed hydra
 10419 | Lair:4   | 10419 ||| INVOKING Heroism.
 10426 | Lair:4   | Killed an eight-headed hydra
 10426 | Lair:4   | Reached ***** piety under Okawaru
 10433 | Lair:4   | Received a gift from Okawaru
 10444 | Lair:3   | 10444 ||| INVOKING Heroism.
 10487 | Lair:3   | 10487 ||| INVOKING Heroism.
 10523 | Lair:3   | 10523 ||| INVOKING Heroism.
 10685 | Lair:3   | Found a staircase to the Swamp.
 10827 | Lair:3   | Reached skill level 12 in Fighting
 10832 | Lair:3   | Identified the +1 hat of the Fiend {rElec rN+ Str-3 Slay+5}
                  | (Okawaru gifted it to you on level 3 of the Lair of Beasts)
 10832 | Lair:3   | Received a gift from Okawaru
 10902 | Lair:3   | 10902 ||| INVOKING Heroism.
 10903 | Lair:3   | Noticed Josephine
 10906 | Lair:3   | Reached XP level 13. HP: 118/118 MP: 15/18
 10925 | Lair:3   | Killed Josephine
 11000 | Lair:3   | 11000 ||| FLEEEEING.
 11009 | Lair:3   | Found a staircase to the Snake Pit.
 11164 | Lair:3   | 11164 ||| INVOKING Heroism.
 11281 | Lair:3   | Reached skill level 9 in Invocations
 11305 | Lair:3   | 11305 ||| INVOKING Heroism.
 11482 | Lair:3   | 11482 ||| Stepping ~*~*~tactically~*~*~ (water).
 11511 | Lair:3   | 11511 ||| INVOKING Heroism.
 11514 | Lair:3   | Reached skill level 12 in Dodging
 11870 | Lair:3   | 11870 ||| UPGRADING to +1 hat of the Fiend {rElec rN+ Str-3
                  | Slay+5}.
 11875 | Lair:3   | 11875 ||| READING 2 scrolls labelled SEGGIA MELOA.
 11876 | Lair:3   | 11876 ||| READING scroll of enchant weapon.
 11876 | Lair:3   | 11876 ||| ENCHANTING +1 orcbow of flaming.
 11877 | Lair:3   | 11877 ||| READING 2 scrolls of identify.
 11877 | Lair:3   | 11877 ||| IDENTIFYING metallic cyan potion
 11899 | Lair:4   | 11899 ||| INVOKING Heroism.
 11941 | Lair:4   | 11941 ||| INVOKING Finesse.
 11976 | Lair:4   | 11976 ||| INVOKING Heroism.
 11977 | Lair:4   | 11977 ||| Stepping ~*~*~tactically~*~*~ (outnumbered).
 12032 | Lair:4   | 12032 ||| INVOKING Heroism.
 12033 | Lair:4   | 12033 ||| Stepping ~*~*~tactically~*~*~ (outnumbered).
 12046 | Lair:4   | 12046 ||| Stepping ~*~*~tactically~*~*~ (outnumbered).
 12048 | Lair:4   | 12048 ||| Stepping ~*~*~tactically~*~*~ (outnumbered).
 12050 | Lair:4   | 12050 ||| Stepping ~*~*~tactically~*~*~ (outnumbered).
 12112 | Lair:4   | 12112 ||| INVOKING Heroism.
 12113 | Lair:4   | 12113 ||| Stepping ~*~*~tactically~*~*~ (outnumbered).
 12125 | Lair:4   | 12125 ||| Stepping ~*~*~tactically~*~*~ (outnumbered).
 12127 | Lair:4   | 12127 ||| Stepping ~*~*~tactically~*~*~ (outnumbered).
 12129 | Lair:4   | 12129 ||| Stepping ~*~*~tactically~*~*~ (outnumbered).
 12131 | Lair:4   | 12131 ||| Stepping ~*~*~tactically~*~*~ (outnumbered).
 12133 | Lair:4   | 12133 ||| Stepping ~*~*~tactically~*~*~ (outnumbered).
 12168 | Lair:4   | 12168 ||| INVOKING Heroism.
 12169 | Lair:4   | 12169 ||| Stepping ~*~*~tactically~*~*~ (outnumbered).
 12182 | Lair:4   | 12182 ||| Stepping ~*~*~tactically~*~*~ (outnumbered).
 12184 | Lair:4   | 12184 ||| Stepping ~*~*~tactically~*~*~ (outnumbered).
 12189 | Lair:4   | 12189 ||| Stepping ~*~*~tactically~*~*~ (outnumbered).
 12191 | Lair:4   | 12191 ||| Stepping ~*~*~tactically~*~*~ (outnumbered).
 12193 | Lair:4   | 12193 ||| Stepping ~*~*~tactically~*~*~ (outnumbered).
 12195 | Lair:4   | 12195 ||| FLEEEEING.
 12252 | Lair:4   | 12252 ||| FLEEEEING.
 12253 | Lair:4   | 12253 ||| FLEEEEING.
 12257 | Lair:4   | 12257 ||| STAIRDANCE
 12297 | Lair:3   | 12297 ||| READING 2 scrolls of identify.
 12297 | Lair:3   | 12297 ||| IDENTIFYING sapphire potion
 12346 | Lair:4   | 12346 ||| INVOKING Heroism.
 12731 | Lair:4   | Found a staircase to the Slime Pits.
 12732 | Lair:4   | 12732 ||| DRINKING potion of cancellation.
 12732 | Lair:4   | Upgraded the game from 0.31-a0-149-g3fdcc5976a to
                  | 0.31-a0-150-g89dc3ad700
 12732 | Lair:4   | 12732 ||| PLANNING LAIR
 12732 | Lair:4   | 12732 ||| DRINKING potion of cancellation.
 12734 | Lair:4   | 12734 ||| PLANNING LAIR
 12734 | Lair:4   | 12734 ||| INVOKING Heroism.
 13247 | Lair:4   | 13247 ||| DROPPING +0 steam dragon scales.
 13272 | Lair:5   | Entered Level 5 of the Lair of Beasts
 13273 | Lair:5   | 13273 ||| INVOKING Heroism.
 13362 | Lair:5   | Found a burning altar of Makhleb.
 13382 | Lair:5   | 13382 ||| INVOKING Heroism.
 13426 | Lair:5   | 13426 ||| READING scroll of brand weapon.
 13426 | Lair:5   | 13426 ||| BRANDING +2 orcbow of flaming.
 13568 | Lair:5   | 13568 ||| PLANNING LAIR
 13568 | Lair:5   | 13568 ||| INVOKING Heroism.
 13597 | Lair:5   | 13597 ||| DRINKING potion of cancellation.
 13613 | Lair:5   | HP: 29/123 [ancient zyme (2)]
 13616 | Lair:5   | HP: 14/123 [ancient zyme (1)]
 13616 | Lair:5   | HP: 6/123 [small abomination (7)]
 13618 | Lair:5   | Slain by a small abomination

Levels and vault maps discovered:
D:1:      spicycebolla_green_bress_n_ham, layout_rooms, serial_aquarium,
          aquarium_bridge_square [aquarium_subvault_bridge,
          aquarium_subvault_bridge, aquarium_subvault_wall,
          aquarium_subvault_window], aquarium_bridge_long_joined
          [aquarium_subvault_balcony, aquarium_subvault_bridge,
          aquarium_subvault_bridge, aquarium_subvault_wall,
          aquarium_subvault_wall, aquarium_subvault_wall],
          aquarium_window_corner, aquarium_window_corridor_3,
          aquarium_window_corner, aquarium_view_2a, aquarium_balcony_3b
D:2:      layout_loops_ring, chequers_mini_garden, uniq_terence
D:3:      layout_basic, gammafunk_ghost_cemetery, grunt_ministairs_7,
          minmay_misc_feat_square, chequers_serial_rivers_micro_d,
          dreamdust_princess_corridor, minmay_misc_feat_five, st_stairs_3,
          kennysheep_generic_room_16, uniq_jessica
D:4:      layout_gridville, nicolae_elyvilon_peaceful_grove, uniq_natasha
D:5:      layout_loops_cross, lightli_temple_of_fire, serial_shops,
          nicolae_shop_tiny_glass
D:6:      layout_loops_ring, pdpol_wu_jian_five_deadly_venoms,
          fedhas_altar_fruit_tree, mainiacjoe_overflow_tiny_flanked,
          ebering_ghost_reflecting_pool, uniq_pikel
D:7:      layout_gridville, minitemple, mainiacjoe_overflow_catwalk_spiral,
          minmay_temple_entry_nine_rooms, grunt_decor_mini_mirrors
D:8:      minmay_octagon_keep, layout_basic, erik_lair_orcish_takeover,
          enter_bailey_3, hangedman_glass_teeth
Temple:   chequers_temple_sunken
Lair:1:   layout_hall_layers
Lair:2:   layout_regular_city, wad_woods_01, uniq_nergalle
Lair:3:   layout_gridlike, minmay_swamp_entry_wisps,
          guppyfry_snake_entry_island, roderic_batcave, uniq_josephine,
          uniq_amaemon
Lair:4:   layout_regular_city, minmay_slime_entry_oklob_enclosed,
          grunt_megastairs_2
Lair:5:   hellmonk_lair_end_abyssal_woods, layout_cave_pods, basic_altar

Skill      XL: |  1  2  3  4  5  6  7  8  9 10 11 12 13 |
---------------+----------------------------------------+-----
Ranged Weapons | 5 6 7 8 9 10 12 13 15 16 | 16.0
Fighting       | 3 4 5 6 8 9 10 12 13 | 13.9
Armour         | 1 2 3 4 5 6 |  6.0
Dodging        | 3 6 7 9 10 11 13 | 13.0
Invocations    | 4 8 10 | 10.0
Stealth        | |  0.7

Action                     |  1- 3 |  4- 6 |  7- 9 | 10-12 | 13-15 || total
---------------------------+-------+-------+-------+-------+-------++-------
   Fire: Shortbow          |    67 |   145 |   221 |       |       ||   433
         Orcbow            |       |       |   130 |   574 |   272 ||   976
 Invoke: Heroism           |       |       |     4 |    30 |    13 ||    47
         Finesse           |       |       |       |       |     1 ||     1
    Use: Scroll            |     5 |     3 |     7 |     6 |     5 ||    26
         Potion            |     1 |     2 |     4 |     1 |     1 ||     9
 Armour: Leather armour    |     2 |       |       |       |       ||     2
         Ring mail         |       |    35 |    53 |       |       ||    88
         Steam dragon scal |       |       |    18 |    86 |       ||   104
         Robe              |       |       |       |    17 |    72 ||    89
  Dodge: Dodged            |     5 |    54 |   136 |   390 |   200 ||   785
  Block: Other             |       |       |     5 |    78 |    38 ||   121
         Reflection        |       |       |       |     2 |     2 ||     4

Table legend:
 A = Non-vault XP
 B = Vault XP
 C = Vault XP percentage of total XP
 D = Non-vault monster count
 E = Vault monster count
 F = Vault count percentage of total count
                 A         B        C        D         E       F
            +---------+---------+-------+---------+---------+-------
      Total |   46410 |   13732 |  22.8 |     259 |      72 |  21.8
            +---------+---------+-------+---------+---------+-------
        D:1 |      13 |       0 |   0.0 |       9 |       0 |   0.0
        D:2 |      10 |      36 |  78.3 |       7 |       1 |  12.5
        D:3 |      88 |      47 |  34.8 |      15 |       6 |  28.6
        D:4 |     425 |      35 |   7.6 |      23 |       1 |   4.2
        D:5 |     676 |       0 |   0.0 |      12 |       0 |   0.0
        D:6 |     885 |     641 |  42.0 |      21 |       1 |   4.5
        D:7 |     801 |       0 |   0.0 |      12 |       0 |   0.0
        D:8 |    1410 |    3242 |  69.7 |      19 |      29 |  60.4
     Lair:1 |    7189 |       0 |   0.0 |      34 |       0 |   0.0
     Lair:2 |    9597 |    2105 |  18.0 |      34 |       7 |  17.1
     Lair:3 |   13010 |    3589 |  21.6 |      41 |      14 |  25.5
     Lair:4 |    7339 |    2840 |  27.9 |      20 |       6 |  23.1
     Lair:5 |    4967 |    1197 |  19.4 |      12 |       7 |  36.8
            +---------+---------+-------+---------+---------+-------
